 Dungeon Crawl Stone Soup version 0.28.0-53-g5a82cb258f (webtiles) character file.

Game seed: 713499002980035122

786 firemarshallily the Chiller (level 7, -5/46 HPs)
             Began as a Merfolk Ice Elementalist on Aug 8, 2022.
             Killed by nerve-wracking pain
             ... invoked by Grinder
              (12 damage)
             ... on level 5 of the Dungeon.
             The game lasted 00:20:18 (5593 turns).

firemarshallily the Chiller (MfIE)                  Turns: 5593, Time: 00:20:18

Health: -5/46      AC: 14    Str:  8    XL:     7   Next: 87%
Magic:  0/14       EV: 13    Int: 17    God:
Gold:   100        SH:  5    Dex: 14    Spells: 2/15 levels left

rFire   . . .      SeeInvis .   c - +0 trident (venom)
rCold   . . .      Faith    .   q - +0 buckler
rNeg    . . .      Spirit   .   a - +0 robe
rPois   .          Reflect  .   g - +0 helmet
rElec   .          Harm     .   t - +0 cloak
rCorr   .          Rampage  .   p - +2 pair of gloves
Will    .....                   (no boots)
Stlth   ++........              (no amulet)
HPRegen 0.15/turn               (no ring)
MPRegen 0.14/turn               (no ring)

@: ice-armoured, freezing walls
A: (nimble swimmer 2), mertail
a: no special abilities


You were on level 5 of the Dungeon.
You visited 1 branch of the dungeon, and saw 5 of its levels.
You also visited: Sewer.

You collected 237 gold pieces.
You spent 137 gold pieces at shops.

Inventory:

Hand Weapons
 c - a +0 trident of venom (weapon)
 u - a +3 spear
Missiles
 e - 62 stones
 n - 6 boomerangs
 r - 9 poisoned darts (quivered)
 s - a throwing net
Armour
 a - a +0 robe (worn)
 g - a +0 helmet (worn)
 p - a +2 pair of gloves (worn)
 q - a +0 buckler (worn)
 t - a +0 cloak (worn)
Wands
 d - a wand of polymorph (4)
 h - a wand of mindburst (6)
Scrolls
 b - a scroll of vulnerability
 f - a scroll of fear {unknown}
 i - 3 scrolls of immolation
 k - 2 scrolls of magic mapping
 m - 2 scrolls of amnesia
Potions
 j - a potion of degeneration {unknown}
 l - a potion of brilliance
 o - 5 potions of might


   Skills:
 + Level 2.9 Polearms
 - Level 4.2 Dodging
 - Level 2.1 Stealth
 * Level 3.2 Shields
 * Level 4.8 Spellcasting
 * Level 6.9 Ice Magic


You had 2 spell levels left.
You knew the following spells:

 Your Spells              Type           Power      Damage    Failure   Level
a - Freeze                Ice            100%       1d11      1%          1
b - Frozen Ramparts       Ice            54%        1d7       3%          3
c - Ozocubu's Armour      Ice            27%        N/A       3%          3
d - Hailstorm             Conj/Ice       15%        3d5       41%         4
e - Ensorcelled Hibernat  Hex/Ice        30%        N/A       7%          2

Your spell library contained the following spells:

 Spells                   Type           Power      Damage    Failure   Level
 Corpse Rot               Necr/Air       8%         N/A       28%         2
 Passwall                 Tmut/Erth      3%         N/A       28%         2
 Poisonous Vapours        Pois/Air       8%         N/A       28%         2
 Swiftness                Air            4%         N/A       50%         3


Dungeon Overview and Level Annotations

Branches:
Dungeon (5/15)              Sewer (visited)
 Temple: D:4-7

Altars:

Shops:
D:2 (   D:3 *

Annotations:
D:5 Grinder


Innate Abilities, Weirdness & Mutations

((You are very nimble when in or above water. (Stealth+, EV+, Speed+++)))
Your lower body shifts to a powerful aquatic tail in water.


Message History

Grinder is moderately wounded.
Grinder closely misses you. x2
You hit Grinder.
Grinder is heavily wounded.
Grinder gestures at you. Pain shoots through your body!
You puncture Grinder!
Grinder is severely wounded.
Grinder hits you but does no damage.
Casting: Hailstorm (quite dangerous; 41% risk of failure)
Confirm with . or Enter, or press ? or * to list all spells.
Casting: Frozen Ramparts (dangerous; 3% risk of failure)
Press: ? - help, Dir - look around, f - activate The walls around you are covered in ice.
Grinder completely resists.
The wall freezes Grinder but does no damage.
Grinder hits you but does no damage.
You completely miss Grinder.
Grinder is severely wounded.
Grinder completely resists.
The wall freezes Grinder but does no damage.
Grinder gestures at you. Pain shoots through your body!
You closely miss Grinder.
Grinder is severely wounded.
Grinder completely resists.
The wall freezes Grinder but does no damage.
Grinder says, "Just stop there for a second..."
Grinder barely misses you.
You barely miss Grinder.
Grinder is severely wounded.
Grinder resists.
The wall freezes Grinder.
Grinder hits you.
* * * LOW HITPOINT WARNING * * *
You writhe in agony.
* * * LOW HITPOINT WARNING * * *
Grinder completely resists.
The wall freezes Grinder but does no damage.
Grinder gestures at you. Pain shoots through your body!
You die...

#...................#
##....................
#.....................
#.....................
##...........<.......#.
#......................
####...................
###................#
#@###..........##. #
#5# ######....##..
..#.# ##.††.####..
.....####...#####...
..........### #....
.........## #....
.......### ##...
....... ##.. ......#
##.


You could see Grinder (poisoned).

Vanquished Creatures
  A water moccasin (D:5)
  2 black bears (D:5)
  An ogre (D:5)
  A howler monkey (D:4)
  A scorpion zombie (D:5)
  A hell rat (Sewer)
  2 iguanas
  2 hound skeletons (D:4)
  4 gnolls (D:5)
  5 river rats (Sewer)
  5 adders
  An adder skeleton (D:4)
  3 worms
  A dart slug (D:1)
  12 orcs
  6 ball pythons
  6 bats
  6 endoplasms
  5 giant cockroaches
  5 goblins
  5 hobgoblins
  8 jackals (D:2)
  6 quokkas
  3 frilled lizards
  11 kobolds
  A quokka skeleton (D:4)
  12 rats
116 creatures vanquished.

Notes
Turn   | Place    | Note
-------+----------+-------------------------------------------
     0 | D:1      | firemarshallily the Merfolk Ice Elementalist began the
                  | quest for the Orb.
     0 | D:1      | Reached XP level 1. HP: 13/13 MP: 3/3
   217 | D:1      | Reached XP level 2. HP: 19/19 MP: 3/5
   709 | D:1      | Found a faded altar of an unknown god.
   934 | D:1      | Reached XP level 3. HP: 24/24 MP: 2/6
  1068 | D:1      | Learned a level 3 spell: Frozen Ramparts
  1072 | D:1      | Learned a level 3 spell: Ozocubu's Armour
  1480 | D:2      | Reached skill level 5 in Ice Magic
  1629 | D:2      | Reached XP level 4. HP: 29/30 MP: 0/8
  2285 | D:2      | Found Wyompof's Weapon Shoppe.
  2890 | D:3      | Found a glowing drain.
  2894 | Sewer    | Entered a sewer
  2971 | Sewer    | Reached XP level 5. HP: 34/35 MP: 5/10
  3707 | D:3      | Learned a level 4 spell: Hailstorm
  3765 | D:3      | Found Uteczuv's Assorted Antiques.
  3775 | D:3      | Bought a scroll labelled TAB NOENA RUNG for 25 gold pieces
  3775 | D:3      | Bought a cloak for 112 gold pieces
  4004 | D:4      | Reached skill level 1 in Shields
  4004 | D:4      | Reached XP level 6. HP: 33/41 MP: 7/11
  4551 | D:4      | Reached skill level 6 in Ice Magic
  4864 | D:5      | Entered Level 5 of the Dungeon
  4864 | D:5      | Noticed a water moccasin
  4875 | D:5      | Killed a water moccasin
  4876 | D:5      | Reached skill level 1 in Polearms
  4885 | D:5      | HP: 3/61 [poisoned by a water moccasin]
  5194 | D:5      | Reached XP level 7. HP: 46/46 MP: 6/13
  5276 | D:5      | Learned a level 2 spell: Ensorcelled Hibernation
  5569 | D:5      | Noticed Grinder
  5593 | D:5      | Killed from afar by Grinder

Illustrated notes

Levels and vault maps discovered:
D:1:      tarquinn_simple_flora_water_f, layout_basic, basic_ecumenical_altar
D:2:      layout_basic, serial_shops, nicolae_shop_bloodbath_and_beyond,
          minivault_19, chequers_serial_rivers_micro_c
D:3:      layout_basic, serial_shops, nicolae_shop_overgrown_old_shop,
          gup_sewer_entry_bowl, minmay_cupped
D:4:      layout_gridville, bh_walls_and_bars
D:5:      layout_cave_pods, minmay_temple_entry_wispy, st_stairs_2, uniq_grinder

Skill      XL: |  1  2  3  4  5  6  7 |
---------------+----------------------+-----
Dodging        | 3 4 |  4.2
Ice Magic      | 5 6 |  6.9
Spellcasting   | 3 4 |  4.8
Shields        | 1 2 3 |  3.2
Polearms       | 1 2 |  2.9
Stealth        | |  2.1

Action                   |  1- 3 |  4- 6 |  7- 9 || total
-------------------------+-------+-------+-------++-------
Melee: Unarmed           |     4 |       |       ||     4
       Short sword       |    31 |   152 |       ||   183
       Tailslap          |       |     7 |       ||     7
       Trident           |       |    35 |    27 ||    62
 Cast: Freeze            |    40 |    23 |     1 ||    64
       Frozen Ramparts   |     3 |    18 |     4 ||    25
       Ozocubu's Armour  |     1 |     7 |     3 ||    11
       Hailstorm         |       |       |     1 ||     1
  Use: Scroll            |       |    11 |       ||    11
       Potion            |       |     1 |     1 ||     2
 Stab: Sleeping          |     4 |     7 |       ||    11
Armor: Robe              |     9 |    37 |    13 ||    59
       Skin              |       |     2 |       ||     2
Dodge: Dodged            |    30 |   123 |    23 ||   176
Block: Buckler           |       |    21 |     7 ||    28
